 Dungeon Crawl Stone Soup version 0.30.1-4-g462c640d31 (webtiles) character file.

Game seed: 3794400441105353898

2648 Powssss the Fighter (level 9, -4/84 HPs)
             Began as a Minotaur Berserker on Aug 25, 2023.
             Was an Elder of Trog.
             Slain by a kobold brigand
             ... wielding a +2 whip of distortion
              (15 damage)
             ... on level 7 of the Dungeon.
             The game lasted 00:15:34 (6001 turns).

Powssss the Fighter (Minotaur Berserker)            Turns: 6001, Time: 00:15:35

Health: -4/84      AC: 16    Str: 29    XL:     9   Next: 36%
Magic:  8/8        EV: 11    Int:  4    God:    Trog [****..]
Gold:   394        SH:  8    Dex: 10    Spells: 8/8 levels left

rFire   + + +        n - +7 trident of Keqoh {drain, rElec}
rCold   . . .        r - +0 kite shield
rNeg    . . .        H - +3 ring mail of Serendipity {-Tele rF+++ Str+3}
rPois   .            (helmet restricted)
rElec   +            (no cloak)
rCorr   +            m - +0 pair of gloves
SInv    .            I - +0 pair of boots
Will    .....        (no amulet) Stlth
                     q - ring of resist corrosion
HPRegen 0.34/turn    o - +4 ring of protection
MPRegen 0.11/turn

%: no teleportation
@: lethally poisoned (-4 -> -7), studying 2 skills
A: horns 2, retaliatory headbutt
a: Renounce Religion, Berserk, Trog's Hand, Brothers in Arms


You were on level 7 of the Dungeon.
You worshipped Trog.
Trog was greatly pleased with you.
You visited 1 branch of the dungeon, and saw 7 of its levels.

You collected 394 gold pieces.

Inventory:

Hand Weapons
 a - a +0 hand axe
 n - the +7 trident of Keqoh (weapon) {drain, rElec}
   (You found it on level 2 of the Dungeon)

   rElec:     It insulates you from electricity.
Missiles
 k - 12 poisoned darts (quivered)
 G - 4 javelins
Armour
 f - a +1 plate armour
 h - a +0 chain mail
 m - a +0 pair of gloves (worn)
 r - a +0 kite shield (worn)
 H - the +3 ring mail of Serendipity (worn) {-Tele rF+++ Str+3}
   (You found it on level 7 of the Dungeon)

   Str:       It affects your strength (+3).
   rF:        It renders you almost immune to fire.
   -Tele:     It prevents most forms of teleportation.
 I - a +0 pair of boots (worn)
Jewellery
 i - a ring of magical power
 o - a +4 ring of protection (right hand)
 q - a ring of resist corrosion (left hand)
 C - a ring of poison resistance
Wands
 e - a wand of roots (7)
 j - a wand of acid (9)
 B - a wand of polymorph (13)
Scrolls
 c - 5 scrolls of identify
 g - a scroll of fog {unknown}
 x - a scroll of immolation {unknown}
 y - 2 scrolls of enchant armour
 z - a scroll of teleportation
 A - 2 scrolls of vulnerability {unknown}
 D - a scroll of torment {unknown}
 F - 2 scrolls of enchant weapon {unknown}
Potions
 b - 2 potions of flight
 d - 6 potions of curing
 l - 3 potions of haste
 s - a potion of attraction {unknown}
 t - 2 potions of resistance {unknown}
 u - 2 potions of degeneration {unknown}
 v - a potion of mutation {unknown}
 w - a potion of cancellation {unknown}
 E - a potion of lignification {unknown}


   Skills:
 + Level 9.4 Fighting
 - Level 4.1(5.6) Axes
 + Level 5.9(6.5) Polearms
 + Level 4.3 Throwing
 * Level 9.4 Armour
 - Level 3.8 Dodging
 + Level 5.1 Shields


You had 8 spell levels left.
You didn't know any spells.
Your spell library was empty.

Dungeon Overview and Level Annotations

Branches:
Dungeon (7/15)             Temple (0/1) D:7

Altars:
Dithmenos
Ru
Xom

Shops:
D:4 (


Innate Abilities, Weirdness & Mutations

You have a pair of horns on your head.
You reflexively headbutt those who attack you in melee.


Message History

You feel sick.
You feel sick.
You feel sick.
You feel sick.
You feel sick.
You are no longer poisoned.
The kobold brigand zaps a wand.
The bolt of acid misses you.
The kobold brigand throws a poisoned dart.
The poisoned dart hits you!
You are lethally poisoned!
* * * LOW HITPOINT WARNING * * *
You feel very sick.
* * * LOW HITPOINT WARNING * * *
You feel sick.
You feel much better.
You feel sick.
You feel sick.
You feel sick.
You start resting.
You feel sick.
A kobold brigand is nearby!
You feel sick.
You feel sick.
You are no longer poisoned.
The kobold brigand throws a poisoned dart.
The poisoned dart hits you!
You are poisoned.
You are too injured to fight recklessly!
You are too injured to fight recklessly!
You are too injured to fight recklessly!
You feel very sick.
The kobold brigand hits you but does no damage.
You closely miss the kobold brigand.
Your headbutt misses the kobold brigand.
You feel sick. You block the kobold brigand's attack.
The kobold brigand hits you but does no damage.
You closely miss the kobold brigand.
You feel sick. The kobold brigand barely misses you.
The kobold brigand hits you with a +2 whip of distortion.
* * * LOW HITPOINT WARNING * * *
Space warps horribly around you!
You die...

#.# #.#..##.####..
#.#####.#..##.# #.#
#.............# #.#
######################.##### #.#
........K.K......# #...# #.#
#..##.#.###.#.##.# ###.# #.#
#÷.##.#.# #...##.# ##.## #..
#.....#K# #..###.# #...# ###
##.####K# #..###@# #...#
#.......# #....KK# #...#
#.....######.....######...#####
#....##KK.##..####...###....).###
#....#K#.#.#### #.⌠.# #.........
#....'..#..!######...###.....).##
#....'..:../#.............####.##
#....'..#..$##..⌠..>..⌠...####.##
####.#.#.#.####.............##.##


You could see 2 kobold brigands.

Vanquished Creatures
  The ghost of spardeous the Protected, a novice MiBe of Trog (D:7)
  4 sky beasts (D:7)
  2 black bears
  3 ogres
  An ice beast (D:5)
  2 centaurs (D:6)
  6 kobold brigands (D:7)
  2 bullfrogs
  2 scorpions
  A jelly (D:7)
  An orc priest (D:7)
  2 hounds (D:5)
  A sleepcap (D:4)
  3 iguanas
  3 gnolls (D:6)
  9 adders
  A shadow imp (D:6)
  2 white imps
  2 ufetubi (D:5)
  A worm (D:2)
  2 dart slugs (D:3)
  8 orcs
  5 ball pythons
  4 endoplasms
  2 giant cockroaches
  15 goblins
  5 hobgoblins
  14 jackals
  14 kobolds
  2 quokkas
  5 bats
  2 frilled lizards
  8 rats
135 creatures vanquished.

Notes
Turn   | Place    | Note
-------+----------+-------------------------------------------
     0 | D:1      | Powssss the Minotaur Berserker began the quest for the Orb.
     0 | D:1      | Reached XP level 1. HP: 19/19 MP: 0/0
   160 | D:1      | Reached XP level 2. HP: 25/27 MP: 1/1
   387 | D:1      | Reached ** piety under Trog
   484 | D:1      | Reached XP level 3. HP: 31/33 MP: 2/2
  1064 | D:2      | Identified the +7 trident of Keqoh {drain, rElec}
  1159 | D:2      | Reached XP level 4. HP: 40/40 MP: 3/3
  1317 | D:2      | Reached skill level 1 in Polearms
  1564 | D:3      | Identified a scroll of acquirement
  1564 | D:3      | Acquired a manual of Fighting
  1603 | D:3      | Found a shimmering altar of Xom.
  1664 | D:3      | Found a shadowy altar of Dithmenos.
  1684 | D:3      | Reached *** piety under Trog
  1846 | D:3      | Found a sacrificial altar of Ru.
  1892 | D:3      | Reached XP level 5. HP: 47/47 MP: 4/4
  2068 | D:3      | Found a faded altar of an unknown god.
  2309 | D:4      | Noticed an ogre
  2345 | D:5      | Entered Level 5 of the Dungeon
  2750 | D:4      | Killed an ogre
  2751 | D:4      | Reached skill level 5 in Fighting
  2751 | D:4      | Reached skill level 5 in Armour
  2751 | D:4      | Reached XP level 6. HP: 56/56 MP: 5/5
  3171 | D:4      | Found Yjaist's Weapon Shop.
  3305 | D:5      | Reached skill level 1 in Shields
  3341 | D:5      | Reached skill level 1 in Throwing
  3341 | D:5      | Reached XP level 7. HP: 44/63 MP: 6/6
  4473 | D:6      | Reached **** piety under Trog
  4474 | D:6      | Reached XP level 8. HP: 73/73 MP: 7/7
  5451 | D:7      | Found a staircase to the Ecumenical Temple.
  5572 | D:7      | Identified the +3 ring mail of Serendipity {-Tele rF+++
                  | Str+3}
  5576 | D:7      | Reached skill level 5 in Polearms
  5581 | D:7      | Found a runed translucent gate.
  5599 | D:7      | Found a runed translucent gate.
  5599 | D:7      | Noticed spardeous's ghost (novice MiBe)
  5600 | D:7      | Found a runed translucent gate.
  5959 | D:7      | Reached XP level 9. HP: 68/82 MP: 8/8
  5978 | D:7      | Killed spardeous's ghost
  5979 | D:7      | Reached skill level 5 in Shields
  6001 | D:7      | Slain by a kobold brigand

Illustrated notes

Levels and vault maps discovered:
D:1:      tekkud_arrival_beachfront_property, layout_basic
D:2:      layout_loops_ring
D:3:      layout_basic, grunt_dithmenos_smoke,
          mainiacjoe_overflow_concentric_impassable, hangedman_ru_absence,
          shapermc_ecumenical_altar_petra
D:4:      layout_loops_ring, serial_shops, nicolae_shop_tiny_statue_garden
D:5:      layout_loops_cross, minmay_misc_feat_plants
D:6:      layout_gridville
D:7:      layout_loops_cross, minmay_temple_entry_junction, serial_rivers,
          chequers_serial_rivers_micro_a, chequers_serial_rivers_large_a,
          chequers_serial_rivers_room_b, chequers_serial_rivers_marsh,
          gammafunk_ghost_nasty_kobolds

Skill      XL: |  1  2  3  4  5  6  7  8  9 |
---------------+----------------------------+-----
Axes           | 4 |  4.1
Fighting       | 4 5 6 7 8 9 |  9.4
Armour         | 3 4 5 6 7 8 9 |  9.4
Dodging        | 3 |  3.8
Polearms       | 1 2 3 4 5 |  5.9
Shields        | 1 2 4 5 |  5.1
Throwing       | 1 2 3 4 |  4.3

Action                     |  1- 3 |  4- 6 |  7- 9 || total
---------------------------+-------+-------+-------++-------
  Melee: Hand axe          |    86 |       |       ||    86
         Punch             |     2 |       |       ||     2
         Trident           |    20 |    95 |   111 ||   226
         Headbutt          |     4 |     6 |    20 ||    30
  Throw: Dart              |       |     3 |       ||     3
    Use: Scroll            |       |    13 |       ||    13
         Potion            |       |       |     1 ||     1
 Armour: Ring mail         |    31 |       |    10 ||    41
         Chain mail        |    25 |    34 |    38 ||    97
  Dodge: Dodged            |    64 |    32 |    26 ||   122
  Block: Kite shield       |       |     4 |    34 ||    38
